 Dungeon Crawl Stone Soup version 0.29.1-15-g9cfb28693d (webtiles) character file.

Game seed: 13726816891662506855

492 croobank the Conjurer (level 6, -2/46 HPs)
             Began as a Demonspawn Conjurer on Mar 9, 2023.
             Slain by Pikel
             ... wielding a +0 whip of freezing
              (7 damage)
             ... on level 4 of the Dungeon.
             The game lasted 00:13:40 (4819 turns).

croobank the Conjurer (Demonspawn Conjurer)         Turns: 4819, Time: 00:13:40

Health: -2/46      AC:  5    Str:  7    XL:     6   Next: 91%
Magic:  7/11       EV: 12    Int: 21    God:
Gold:   193        SH:  0    Dex: 12    Spells: 1/11 levels left

rFire   . . .      SeeInvis .   a - +0 dagger
rCold   . . .      Faith    .   (no shield)
rNeg    . . .      Spirit   .   j - +0 robe
rPois   .          Reflect  .   (helmet restricted)
rElec   .          Harm     .   (no cloak)
rCorr   .          Rampage  .   (no gloves)
Will    .....                   g - +0 pair of boots
Stlth   ++........              (no amulet)
HPRegen 0.15/turn               (no ring)
MPRegen 0.12/turn               (no ring)

@: very slightly contaminated
A: horns 2, yellow scales 1, demonic guardian 1, powered by pain 1
a: no special abilities


You were on level 4 of the Dungeon.
You visited 1 branch of the dungeon, and saw 4 of its levels.
You also visited: Sewer.

You collected 193 gold pieces.

Inventory:

Hand Weapons
 a - a +0 dagger (weapon)
 b - a +0 sling
 i - a +0 short sword
 p - a +0 spear
 q - a +0 war axe
Armour
 g - a +0 pair of boots (worn)
 j - a +0 robe (worn)
 r - a +0 buckler
 s - a +0 ring mail
Scrolls
 d - a scroll of magic mapping
 l - a scroll of identify
 n - a scroll of amnesia
 o - a scroll of blinking
Potions
 f - a potion of flight


   Skills:
 + Level 2.5 Fighting
 + Level 3.2 Dodging
 + Level 3.5 Stealth
 + Level 3.4 Spellcasting
 + Level 5.2 Conjurations
 * Level 1.6 Hexes


You had one spell level left.
You knew the following spells:

 Your Spells              Type           Power      Damage    Failure   Level
a - Magic Dart            Conj           100%       1d8       1%          1
b - Searing Ray           Conj           50%        2d6       2%          2
c - Dazzling Flash        Conj/Hex       34%        N/A       10%         3
d - Fulminant Prism       Conj/Hex       8%         3d7       30%         4

Your spell library contained the following spells:

 Spells                   Type           Power      Damage    Failure   Level
 Iskenderun's Mystic Bla  Conj/Tloc      14%        2d5       41%         4


Dungeon Overview and Level Annotations

Branches:
Dungeon (4/15)              Sewer (visited)
 Temple: D:4-7

Altars:

Annotations:
D:3 1 runed translucent door, Crazy Yiuf
D:4 Pikel


Innate Abilities, Weirdness & Mutations

You have a pair of horns on your head.
You are partially covered in yellow scales. (AC +2)
A weak demonic guardian rushes to your aid.
You sometimes gain a little power by taking damage.


Message History

The lemure is moderately wounded.
The searing ray hits Pikel.
Pikel is moderately wounded. (Press . to maintain the ray.)
The goblin closely misses you. The lemure hits you but does no damage.
Casting: Searing Ray (safe; 2% risk of failure)
Confirm with . or Enter, or press ? or * to list all spells.
You don't have enough magic to cast this spell.
Unknown command.
Magic courses through your body. The goblin misses you. The lemure hits you.
* * * LOW HITPOINT WARNING * * *
Casting: Searing Ray (safe; 2% risk of failure)
Confirm with . or Enter, or press ? or * to list all spells.
Casting: Dazzling Flash (dangerous; 10% risk of failure)
Press: ? - help, Dir - look around, f - activate Pikel is dazzled.
The goblin is dazzled.
The lemure is dazzled.
The goblin closely misses you. The lemure hits you but does no damage.
Casting: Dazzling Flash (dangerous; 10% risk of failure)
Confirm with . or Enter, or press ? or * to list all spells.
Aiming: Searing Ray (safe; 2% risk of failure)
Press: ? - help, Shift-Dir - straight line, f - Pikel
Aim: Pikel, wielding a +0 whip of freezing, wearing a +0 robe and carrying a wand of flame (11) (moderately wounded, blind, 74% to hit)
The searing ray misses the lemure.
The searing ray hits Pikel.
Pikel is heavily wounded. (Press . to maintain the ray.)
The lemure barely misses you. The lemure hits you.
* * * LOW HITPOINT WARNING * * *
A demonic guardian appears!
Blink to where?
Press: ? - help, Dir - move target, p - Pikel
As you read the scroll of blinking, it crumbles to dust.
You aren't carrying any items that you can evoke.
You hit Pikel but do no damage.
Pikel is heavily wounded.
Your shadow imp barely misses the goblin.
The goblin unwields a +0 club.
The goblin wields a +0 sling.
The goblin shoots a sling bullet.
The sling bullet hits Pikel but does no damage.
Pikel hits you with a +0 whip of freezing!
You die...

.. #.# ##### ..
##...# #.#
#..5.#
#.####.g.5#
#####...@K5...#
#$....>....####
..###..[####
#..## #. #..#
#...###..#
#.....##
#####.##########
.####...##.....#


You could see Pikel (blind), 2 lemures, a goblin (blind, ally target) and a
friendly shadow imp (summoned).

Vanquished Creatures
  A lemure (D:4)
  2 bullfrogs (Sewer)
  An iguana (D:4)
  5 adders
  A worm (D:3)
  A dart slug (D:1)
  5 bats
  8 endoplasms
  6 giant cockroaches
  3 goblins
  5 hobgoblins
  4 kobolds
  12 quokkas
  18 ball pythons
  5 frilled lizards
  3 rats
80 creatures vanquished.

Vanquished Creatures (collateral kills)
  Grinder (D:3)
  A lemure (D:4)
  An adder (D:2)
  A quokka (D:3)
  A rat (D:3)
5 creatures vanquished.

Grand Total: 85 creatures vanquished

Notes
Turn   | Place    | Note
-------+----------+-------------------------------------------
     0 | D:1      | croobank the Demonspawn Conjurer began the quest for the
                  | Orb.
     0 | D:1      | Reached XP level 1. HP: 13/13 MP: 3/3
   505 | D:1      | Gained mutation: You are partially covered in yellow
                  | scales. (AC +2) [demonic ancestry]
   505 | D:1      | Reached XP level 2. HP: 19/19 MP: 0/5
   565 | D:1      | Learned a level 2 spell: Searing Ray
  1833 | D:2      | Gained mutation: A weak demonic guardian rushes to your
                  | aid. [demonic ancestry]
  1833 | D:2      | Reached XP level 3. HP: 19/25 MP: 0/6
  1853 | D:2      | HP: 1/25 [poisoned by an adder]
  2837 | D:3      | Noticed Grinder
  2849 | D:3      | Paralysed by Grinder for 5 turns
  2849 | D:3      | Killed Grinder
  2850 | D:3      | Gained mutation: You have a pair of small horns on your
                  | head. [demonic ancestry]
  2850 | D:3      | Reached XP level 4. HP: 9/33 MP: 1/8
  2850 | D:3      | Gained mutation: You sometimes gain a little power by
                  | taking damage. [demonic ancestry]
  2850 | D:3      | Reached XP level 5. HP: 11/38 MP: 1/9
  3214 | D:3      | Found a glowing drain.
  3220 | Sewer    | Entered a sewer
  3225 | Sewer    | Gained mutation: You have a pair of horns on your head.
                  | [demonic ancestry]
  3225 | Sewer    | Reached XP level 6. HP: 42/44 MP: 2/10
  3404 | Sewer    | Learned a level 3 spell: Dazzling Flash
  3409 | Sewer    | Learned a level 4 spell: Fulminant Prism
  3573 | Sewer    | Reached skill level 5 in Conjurations
  3915 | Sewer    | Reached skill level 1 in Hexes
  4405 | D:3      | Found a runed translucent door.
  4406 | D:3      | Noticed Crazy Yiuf
  4800 | D:4      | Noticed Pikel
  4819 | D:4      | Slain by Pikel

Illustrated notes

Levels and vault maps discovered:
D:1:      dpeg_arrival_three_same_balls, layout_basic, minmay_misc_feat_ornament
D:2:      layout_basic
D:3:      layout_loops_ring, gup_sewer_entry_bubbles, uniq_crazy_yiuf_cottage,
          uniq_grinder
D:4:      layout_rooms, minmay_temple_entry_offerings, nicolae_hexahallways,
          uniq_pikel, uniq_duvessa

Skill      XL: |  1  2  3  4  5  6 |
---------------+-------------------+-----
Stealth        | 2 3 |  3.5
Dodging        | 2 3 |  3.2
Fighting       | 2 |  2.5
Spellcasting   | 3 |  3.4
Conjurations   | 5 |  5.2
Hexes          | 1 |  1.6

Action                   |  1- 3 |  4- 6 || total
-------------------------+-------+-------++-------
Melee: Short sword       |     3 |       ||     3
       Dagger            |    26 |    62 ||    88
       Headbutt          |       |     9 ||     9
 Fire: Sling             |    24 |       ||    24
 Cast: Magic Dart        |    15 |    25 ||    40
       Searing Ray       |    14 |    30 ||    44
       Dazzling Flash    |       |     7 ||     7
  Use: Scroll            |       |     8 ||     8
       Potion            |       |     4 ||     4
 Stab: Sleeping          |       |     4 ||     4
       Invisible         |       |     2 ||     2
Armor: Robe              |    20 |    29 ||    49
Dodge: Dodged            |    27 |    74 ||   101
